Unix NetHack Version 3.7.0-61 Work-in-progress - last build Jul 19 2022 14:00:35 (e66842d0efd4ccf932eb409e6951b391a9e3f621,branch:master). Game began 2022-07-21 16:21:02, ended 2022-07-21 17:04:20. johncena, lawful female dwarven Valkyrie ----- # |....################%###%% ------# ----- |...| ##|....|######+....##### |...-# #.....|# |...| # -------- |...|# ###|....|######-.<.| ##-....(.| -|---# # #--)---# |..[| |......| @ #### ### # #### # ---|- #.....{.| # -----------# ########## # #-.------ ####|..........# # # ######## # # #|.........|###### # ## # # #..........-# # ## # ### ----------- ##### ##### # # -----.---.---## ---|---- |........[..| ### |......| |...........| ## |......| |...........| ####.......| |...........| -------- |...........| --)---------- # Johncena the Skirmisher St:18 Dx:11 Co:20 In:9 Wi:8 Ch:7 Lawful S:1072 Dlvl:2 $:22 HP:50(64) Pw:11(11) AC:4 Xp:5/250 T:4014 Hungry Latest messages: s - a long wand. The gecko bites! You kill the gecko! You see here a clear potion. Wait! There's a garter snake hiding under a partly eaten garter snake corpse! The garter snake bites! You see here a clear potion. The garter snake bites! You kill the garter snake! You see here a partly eaten garter snake corpse. You see here a clear potion. t - a clear potion. You see here 2 garter snake corpses. The bat bites! The bat bites! You miss the bat. The bat bites! The bat just misses! You miss the bat. The bat bites! The bat bites! You kill the bat! Double fight prefix, canceled. You stop searching. The cave spider bites! The cave spider bites! You miss the cave spider. The cave spider bites! The cave spider misses! You are beginning to feel hungry. You kill the cave spider! The cave spider bites! You hit the cave spider! The cave spider misses! You kill the cave spider! You see here a fizzy potion. i - a fizzy potion (2 in total). You see here a cave spider corpse. There is a cave spider corpse here; eat it? [ynq] (n) This cave spider corpse tastes tough. You finish eating the cave spider corpse. You hear someone cursing shoplifters. You stop searching. The 'F' prefix should be followed by a movement command. You kill the gecko! You are beginning to feel hungry. You stop searching. Really quit? [yn] (n) Do you want your possessions identified? [ynq] (y) Do you want to see your attributes? [ynq] (y) Major events: Turn 1: johncena the lawful dwarven Valkyrie entered the dungeon 685: attained the rank of Skirmisher (level 3) 4014: quit Inventory: Weapons a - a blessed +1 dwarvish spear (weapon in hand) Armor g - an uncursed +0 orcish helm (being worn) m - an uncursed +0 pair of jumping boots (being worn) c - a blessed +3 small shield (being worn) Comestibles h - an uncursed food ration p - an uncursed tripe ration Scrolls f - an uncursed scroll of earth j - an uncursed scroll of scare monster Potions i - 2 uncursed potions of healing o - an uncursed potion of paralysis t - an uncursed potion of water Wands s - a blessed wand of slow monster (0:4) Tools k - an uncursed oil lamp (alternate weapon; not wielded) Gems/Stones r - an uncursed jade stone l - an uncursed worthless piece of yellow glass Johncena the Valkyrie's attributes: Background: You were a Skirmisher, a level 5 dwarven Valkyrie. You were lawful, on a mission for Tyr who was opposed by Odin (neutral) and Loki (chaotic). You were in the Dungeons of Doom, on level 2. You entered the dungeon 4014 turns ago. You had 250 experience points, 70 more were needed to attain level 6. Your score was 1072 before end-of-game adjustments. Basics: You had 50 out of 64 hit points. You had all 11 energy points (spell power). Your armor class was 4. Your wallet contained 22 zorkmids. Autopickup was off. Final Characteristics: Your strength was 18 (peak:18/01, limit:18/100). Your dexterity was 11 (limit:20). Your constitution was 20 (limit:20). Your intelligence was 9 (limit:16). Your wisdom was 8 (limit:16). Your charisma was 7 (limit:16). Final Status: You were hungry. You were unencumbered. You were wielding a spear. You had basic skill with spear and could have enhanced that. Final Attributes: You were piously aligned. You were cold resistant. You had infravision. You were stealthy. You could jump. You survived. Miscellaneous: You never encountered a bones level. Total elapsed playing time was 39 minutes and 48 seconds. Vanquished creatures: a shrieker 2 floating eyes 2 giant bats 2 werejackals 2 iguanas 2 acid blobs 2 large kobolds a hobgoblin 2 giant rats 2 cave spiders a yellow mold a green mold 15 garter snakes 2 gnome zombies 9 geckos 3 jackals 5 foxes a kobold 2 goblins 5 grid bugs a bat 8 lichens a kobold zombie 6 newts 78 creatures vanquished. No species were genocided or became extinct. Voluntary challenges: You read items or engraved 1 time. You never engraved Elbereth. You never genocided any monsters. You never polymorphed an object. You never changed form. You used no wishes. Achievement: You attained the rank of Skirmisher. The Dungeons of Doom: levels 1 to 2 Level 1: A fountain, a grave. Level 2: <- You were here. A fountain. Farvel johncena the Valkyrie... You quit in The Dungeons of Doom on dungeon level 2 with 1072 points, and 22 pieces of gold, after 4014 moves. You were level 5 with a maximum of 64 hit points when you quit.